[Event "Early-Titled-Tuesday-Blitz-September-05-2023"]
[Site "Chess.com"]
[Date "2023.09.05"]
[Round "11"]
[White "Tugrik1969"]
[Black "Mikedannnn"]
[Result "0-1"]
[WhiteElo "2499"]
[BlackElo "2611"]
[TimeControl "180+1"]
[EndTime "10:06:09 PDT"]
[Termination "Mikedannnn won on time"]

1. e4 c5 2. Nf3 e6 3. d3 Nc6 4.
g3 d5 5. Nbd2 g6 6. Bg2 Bg7 7.
O-O Nge7 8. Re1 f6 9. c3 O-O 10. a4 e5 11. exd5 Nxd5 12. Nc4 Be6 13. a5 Qd7 14. Nfd2 Rad8 15. Qa4 Nde7 16. Ne4 Qxd3 17. Bf1 Qd5 18. Ne3 Qb3 19. Qxb3 Bxb3 20. Nxc5 Bf7 21. Nxb7 Rb8 22. Nd6 Be6 23. Bc4 Bxc4 24. Nexc4 f5 25. f4 e4 26. Be3 Nd5 27. Bc5 Rfd8 28. Red1 Nc7 29. Ba3 Ne6 30. Kf2 g5 31. Ke3 Bh6 32. Nxf5 gxf4+ 33. Kxe4 Bf8 34. gxf4 Bxa3 35. Rxd8+ Rxd8 36. Rxa3 Nc5+ 37. Kf3 Rd1 38. Nfe3 Rb1 39. b4 Nd3 40. f5 Kf7 41. Ke4 Nf2+ 42. Kd5 Ne7+ 43. Kc5 Ne4+ 44. Kd4 Nf2 45. b5 Rxb5 46. Ra2 Nh3 47.
Rg2 Nf4 48. Rg4 Ne2+ 49. Kd3 Nc1+ 50. Kc2 Nb3 51. Kd3 Nxa5 52. Nxa5 Rxa5 53. Ke4 Ra4+ 54. c4 a5 55. Rh4 Kg7 56. Ke5 Ng8 57. Rg4+ Kf7 58. f6 Ra1 59. Rg7+ Kf8 60. Nd5 Nxf6 0-1

[Event "Early-Titled-Tuesday-Blitz-September-05-2023"]
[Site "Chess.com"]
[Date "2023.09.05"]
[Round "11"]
[White "Chessbard1972"]
[Black "BigPiano"]
[Result "1-0"]
[WhiteElo "2510"]
[BlackElo "2361"]
[TimeControl "180+1"]
[EndTime "10:06:09 PDT"]
[Termination "Chessbard1972 won by resignation"]

1. e4 c6 2. Nc3 d5 3. Nf3 dxe4 4.
Nxe4 Nf6 5. Nxf6+ exf6 6. d4 Bd6 7. Bd3 O-O 8. O-O Re8 9. h3 Nd7 10. c3 Nf8 11. Qc2 h5 12. Bd2 Be6 13. Rfe1 Bc7 14. c4 Qd7 15. Bf1 Bf5 16. Qb3 a5 17.
Rxe8 Rxe8 18. Re1 Rxe1 19. Bxe1 Ne6 20. Qd1 Nf4 21. Nh4 Be4 22. g3 Nxh3+ 23. Kh2 Ng5 24. f4 Ne6 25. Bc3 Nxf4 26. gxf4 Bxf4+ 27. Kg1 g5 28. Qxh5 gxh4 29. Qxh4 Be3+ 30. Kh2 Qf5 31. Bh3 Bf4+ 32. Kg1 Qg6+ 33. Kf2 Bd3 34. Qxf4 Bxc4 35. Qg3 a4 36. a3 Kf8 37. Qxg6 fxg6 38. Bb4+ Kf7 39. Bc8 b6 40. Bd7 Bd5 41. Ke3 g5 42. Bf5 Kg7 43. Be7 Kf7 44. Bd8 b5 45. Be4 Ke6 46.
Bxd5+ cxd5 47. Kf3 Kf5 48. Bc7 g4+ 49. Ke3 Kg5 50.
Bg3 f5 51. Be5 Kh4 52. Kf2 Kg5 53. Kg3 Kh5 54. Kf4 Kh4 55. Kxf5 g3 56. Bxg3+ Kxg3 57. Ke5 Kf3 58. Kxd5 Ke3 59. Kc5 Kd3 60. d5 Kc2 61.
Kxb5 Kxb2 62. Kxa4 Kc3 63. d6 1-0

[Event "Early-Titled-Tuesday-Blitz-September-05-2023"]
[Site "Chess.com"]
[Date "2023.09.05"]
[Round "11"]
[White "Hikaru"]
[Black "Beca95"]
[Result "1-0"]
[WhiteElo "3246"]
[BlackElo "2978"]
[TimeControl "180+1"]
[EndTime "10:06:10 PDT"]
[Termination "Hikaru won by resignation"]

1. h3 c5 2. c4 Nc6 3. g3 Nf6 4. Bg2 d5 5. cxd5 Nxd5 6. Nc3 Nc7 7. d3 e5 8. Bxc6+ bxc6 9. Nf3 f6 10. Be3 Ne6 11.
Qa4 Qd7 12. Rc1 Rb8 13. b3 Be7 14. Ne4 Rb5 15. Qc4 Nd4 16. Nfd2 f5 17. Ng5 Qd5 18.
Ngf3 Be6 19. Qxd5 Bxd5 20. Rg1 Bf6 21. Bxd4 cxd4 22. Nc4 e4 23. Nd6+ Kd7 24. Nxb5 exf3 25. Na3 Re8 26. Rc2 Be7 27. Nc4 Bb4+ 28. Kf1 c5 29. e3 g5 30. g4 f4 31. e4 Bxc4 32.
Rxc4 Kc6 33. h4 h6 34. hxg5 hxg5 35. Rh1 Kb5 36. Rh6 Rg8 37. Rh3 Rg6 38. Rxf3 Rh6 39.
Kg2 Bc3 40. Rh3 Ra6 41. a4+ Ka5 42. Rxc5+ Kb4 43. Rb5+ Ka3 44. e5 Re6 45. Kf3 a6 46. Rd5 Kxb3 47. Ke4 Kxa4 48. Kf5 Re8 49. e6 Kb3 50. Rh7 a5 51. Ra7 Kc2 52. e7 Kxd3 53. Rd8 Rxe7 54. Rxe7 a4 55. Ra7 f3 56. Rxa4 Ke2 57. Raxd4 Bxd4 58. Rxd4 Kxf2 59. Kxg5 Ke3 60. Rf4 1-0

[Event "Early-Titled-Tuesday-Blitz-September-05-2023"]
[Site "Chess.com"]
[Date "2023.09.05"]
[Round "11"]
[White "IM_Tissir"]
[Black "AndreiITrifan"]
[Result "0-1"]
[WhiteElo "2476"]
[BlackElo "2632"]
[TimeControl "180+1"]
[EndTime "10:06:14 PDT"]
[Termination "AndreiITrifan won by checkmate"]

1. e4 e5 2. Nf3 Nc6 3. Bc4 Bc5 4. c3 Nf6 5. d3 d6 6. Bb3 a6 7. Nbd2 Ba7 8. Nf1 Ng4 9. d4 O-O 10. Ng3 Nf6 11. O-O exd4 12. Nxd4 h6 13. Ndf5 Re8 14.
Qf3 Ne5 15. Qe2 Ng6 16. Qf3 Ne5 17. Qe2 Bd7 18. Re1 Neg4 19. Nd4 Bb5 20. Qd1 Bd7 21. h3 Ne5 22. Nf3 Qe7 23. Be3 Bxe3 24. Rxe3 Rad8 25.
Nd4 g6 26. Qd2 c5 27. Nf3 Be6 28. Rd1 Kg7 29. Qe2 Bxb3 30. axb3 Qe6 31. Qc2 Nxf3+ 32. Rxf3 Nxe4 33. Re1 d5 34. Rfe3 f5 35. f3 f4 36. Rxe4 dxe4 37. Nxe4 Qe5 38. Qf2 b6 39. b4 cxb4 40. Qxb6 bxc3 41. bxc3 Qe7 42. Qxa6 Qc7 43. Qb5 Qe5 44. Qb7+ Qe7 45. Qb6 Rb8 46. Qd4+ Qe5 47.
Qd7+ Re7 48. Qd3 Rbe8 49. Kh2 g5 50. Ra1 h5 51. Ra6 g4 52. hxg4 hxg4 53. Nd6 g3+ 54. Kg1 Qe1+ 55. Qf1 Qxf1+ 56. Kxf1 Re1# 0-1

[Event "Early-Titled-Tuesday-Blitz-September-05-2023"]
[Site "Chess.com"]
[Date "2023.09.05"]
[Round "11"]
[White "Ducke13"]
[Black "ural58"]
[Result "1-0"]
[WhiteElo "2448"]
[BlackElo "2508"]
[TimeControl "180+1"]
[EndTime "10:06:14 PDT"]
[Termination "Ducke13 won by resignation"]

1. d4 d5 2. g3 Nc6 3. Nf3 Bf5 4. Bg2 Nb4 5. O-O Nxc2 6. Nh4 Nxa1 7. Nxf5 e6 8. Ne3 c5 9. b3 Qb6 10. Bb2 Nxb3 11.
Qxb3 Qxb3 12. axb3 Nf6 13. Rc1 Rc8 14. Nd2 Be7 15. dxc5 Rxc5 16. Ra1 a6 17. g4 O-O 18. g5 Ne4 19. Nxe4 dxe4 20. Ba3 Rc7 21. Bxe7 Rxe7 22. Bxe4 Rc8 23. Nc4 Rc5 24. h4 h6 25. f4 g6 26. Rd1 Kg7 27. Rd8 hxg5 28. hxg5 f6 29. gxf6+ Kxf6 30. Ne5 g5 31. Nd7+ Rxd7 32. Rxd7 b6 33.
Rd6 gxf4 34. Rxb6 a5 35. Kf2 Ke5 36. Bd3 Rc3 37. Rb5+ Kd4 38. Bc4 a4 39. Bxe6 a3 40.
Ra5 f3 41. exf3 Rc2+ 42. Kg3 a2 43. b4 Rb2 44. Rxa2 Rxb4 45. Re2 Rb1 46. Bf5 Rg1+ 47.
Kf4 Kd5 48. Rd2+ Kc6 49. Ke5 Re1+ 50. Be4+ Kc7 51. f4 1-0

[Event "Early-Titled-Tuesday-Blitz-September-05-2023"]
[Site "Chess.com"]
[Date "2023.09.05"]
[Round "11"]
[White "enkhtuul"]
[Black "Shuvalov"]
[Result "1/2-1/2"]
[WhiteElo "2372"]
[BlackElo "2485"]
[TimeControl "180+1"]
[EndTime "10:06:14 PDT"]
[Termination "Game drawn - insufficient material"]

1. e4 e6 2. Qe2 d5 3. exd5 Qxd5 4. Nc3 Qd7 5. g3 Nc6 6. Nf3 Nge7 7. Bg2 Nf5 8. O-O Be7 9. d3 O-O 10. Be3 Rd8 11.
Rad1 Ncd4 12. Bxd4 Nxd4 13. Nxd4 Qxd4 14. Qe3 Bc5 15. Qxd4 Bxd4 16. Rb1 c6 17. Ne2 e5 18. Nxd4 exd4 19. Rfe1 Be6 20. a3 a5 21. Re5 a4 22. Rbe1 Kf8 23. f4 g6 24. Kf2 h5 25.
h3 Ra6 26. R1e2 Rb6 27. Ra5 Rxb2 28. Rxa4 Ra2 29. Rb4 Rd7 30. a4 Ke7 31. g4 hxg4 32. hxg4 Kd8 33. Bf3 Kc7 34. Kg3 b6 35. Be4 c5 36.
Rb1 Rxa4 37. f5 gxf5 38. gxf5 Bd5 39. Bxd5 Rxd5 40. Kf4 Ra2 41. Rbe1 Kc6 42. f6 b5 43.
Rg1 c4 44. dxc4 bxc4 45. Rd2 Raa5 46. Ke4 d3 47. cxd3 cxd3 48. Rxd3 Rxd3 49. Kxd3 Rf5 50.
Ke4 Rxf6 51. Ke5 Rf2 52. Rc1+ Kd7 53. Rd1+ Ke7 54. Ra1 f6+ 55. Ke4 Kf7 56. Rg1 Ra2 57. Kf4 Ra4+ 58. Kf5 Ra5+ 59. Kf4 Ke6 60. Re1+ Re5 61.
Rxe5+ fxe5+ 62. Ke4 Kd6 63. Ke3 Kd5 64. Kd3 e4+ 65.
Ke3 Ke5 66. Ke2 Kd4 67. Kd2 e3+ 68. Ke2 Ke4 69. Ke1 Kf4 70. Ke2 Ke4 71. Ke1 Kd3 72.
Kd1 e2+ 73. Ke1 Ke4 74. Kxe2 1/2-1/2

[Event "Early-Titled-Tuesday-Blitz-September-05-2023"]
[Site "Chess.com"]
[Date "2023.09.05"]
[Round "11"]
[White "Cambek64"]
[Black "NovikovaGalina"]
[Result "1-0"]
[WhiteElo "2511"]
[BlackElo "2416"]
[TimeControl "180+1"]
[EndTime "10:06:17 PDT"]
[Termination "Cambek64 won on time"]

1. e4 e6 2. d3 d5 3. Qe2 Nf6 4. e5 Nfd7 5. f4 Be7 6. Nf3 O-O 7. g3 c5 8. Bg2 Nc6 9. O-O f5 10. c4 Nb6 11. Be3 d4 12. Bd2 Bd7 13. Na3 a6 14.
Nc2 Rc8 15. Rfb1 Na4 16. h4 h6 17. Qe1 Kh8 18. b3 Nb6 19. b4 Na4 20. b5 Nb8 21.
Na3 Be8 22. Qd1 axb5 23. Nxb5 Nc3 24. Nxc3 dxc3 25. Bxc3 b6 26. Rb2 Qd7 27. Rab1 Bd8 28. Qe2 Nc6 29. Qe3 Bh5 30. Kf2 Ra8 31. Rd2 Ra3 32. Rb3 Rxb3 33. axb3 Qa7 34. d4 Nxd4 35. Nxd4 cxd4 36. Bxd4 Qa3 37. Qc3 Be7 38. Qb2 Qa5 39. Be3 Bb4 40. Rd6 Bc5 41. Bxc5 Qxc5+ 42. Qd4 Qa3 43. Qc3 Qc5+ 44. Qe3 Qa3 45. Qc3 Rc8 46. Rxe6 Qa2+ 47. Kg1 Qb1+ 48. Kh2 Bg4 49. Rxb6 Qa2 50. Rd6 Rb8 51. Rd3 Ra8 52. c5 1-0

[Event "Early-Titled-Tuesday-Blitz-September-05-2023"]
[Site "Chess.com"]
[Date "2023.09.05"]
[Round "11"]
[White "Agoking701"]
[Black "cthulhuuu"]
[Result "1-0"]
[WhiteElo "2564"]
[BlackElo "2453"]
[TimeControl "180+1"]
[EndTime "10:06:19 PDT"]
[Termination "Agoking701 won on time"]

1. e4 d6 2. d4 Nf6 3. Bd3 e5 4. c3 Be7 5. Nf3 Nbd7 6. O-O O-O 7. Nbd2 b6 8. Re1 Bb7 9. Nf1 Re8 10. Ng3 Bf8 11.
a4 a6 12. b3 c6 13. Bb2 b5 14.
Qc2 Qb6 15. a5 Qc7 16. c4 exd4 17. Nxd4 Nc5 18. Ndf5 Nfd7 19. Bf1 b4 20. Rad1 g6 21.
Ne3 Qxa5 22. Ba1 Qa3 23. Rb1 a5 24. Qd1 a4 25. Nc2 Qa2 26. Rb2 axb3 27. Rxa2 Rxa2 28. Nxb4 Ra4 29. Nd3 Nxd3 30. Qxd3 Nc5 31. Qc3 Rxa1 32. Qxa1 Bg7 33. Qb1 Ra8 34. Ne2 b2 35. Qc2 Ra1 36. Rb1 Ba6 37. Nf4 Nb3 38. Nd3 Nd2 39. Nxb2 Rxb1 40. Nd1 Nb3 41. Qxb1 Nd2 42. Qc2 Nxf1 43.
Kxf1 d5 44. exd5 cxd5 45. Ne3 f5 46. Nxd5 1-0

[Event "Early-Titled-Tuesday-Blitz-September-05-2023"]
[Site "Chess.com"]
[Date "2023.09.05"]
[Round "11"]
[White "Vuk2000"]
[Black "MatthewG-p4p"]
[Result "0-1"]
[WhiteElo "2758"]
[BlackElo "2885"]
[TimeControl "180+1"]
[EndTime "10:06:21 PDT"]
[Termination "MatthewG-p4p won by resignation"]

1. d4 Nf6 2. Bg5 Ne4 3. Bf4 c5 4. f3 Qa5+ 5. c3 Nf6 6. d5 e6 7. e4 exd5 8. exd5 d6 9. Qd2 Be7 10. c4 Qb6 11. Nc3 O-O 12. g4 Re8 13. Kf2 Nbd7 14. h4 Ne5 15. h5 Qb4 16. Bxe5 dxe5 17. g5 Nd7 18. g6 h6 19. Bd3 fxg6 20. hxg6 Bg5 21. Qc2 e4 22. Nxe4 Ne5 23. Nxg5 Nxd3+ 24. Qxd3 Qxb2+ 25. Ne2 hxg5 26. d6 Bf5 27. Qd5+ Be6 28. Qxg5 Bxc4 29. Rae1 Rxe2+ 30. Rxe2 Qxe2+ 31. Kg3 Qe6 32.
Rd1 Qf6 33. Qh5 Rd8 34. Qh7+ Kf8 35. Qh8+ Bg8 36. Qh5 b6 37. d7 Qe6 38. Qg5 Rxd7 39.
Qf4+ Ke7 40. Qg5+ Qf6 41. Re1+ Kd8 42. Qxf6+ gxf6 43. Kf4 Rd5 44. Rh1 Rg5 45. Rh8 Rxg6 46. Kf5 Rg3 47. Kxf6 Rxf3+ 48. Ke5 Rg3 49. Kd6 c4 50. a4 c3 51. Rh1 c2 52. Rf1 Rd3+ 53.
Kc6 Rd1 54. Rf8+ Ke7 0-1

[Event "Early-Titled-Tuesday-Blitz-September-05-2023"]
[Site "Chess.com"]
[Date "2023.09.05"]
[Round "11"]
[White "Harry_Rakkel"]
[Black "masterofpuppets2"]
[Result "0-1"]
[WhiteElo "2645"]
[BlackElo "2498"]
[TimeControl "180+1"]
[EndTime "10:06:21 PDT"]
[Termination "masterofpuppets2 won on time"]

1. e4 c5 2. Nf3 Nc6 3. d4 cxd4 4. Nxd4 Nf6 5. Nc3 d6 6. Bg5 e6 7. Qd2 a6 8. O-O-O Bd7 9. f4 Be7 10. Kb1 b5 11. Nxc6 Bxc6 12. Bxf6 gxf6 13. Bd3 b4 14. Ne2 Qb6 15. f5 h5 16. fxe6 fxe6 17. Nf4 Bd7 18.
Bc4 d5 19. Nxd5 exd5 20. Qxd5 O-O-O 21. Qf7 Bc5 22. Rd5 Bc6 23. Rxh5 Rxh5 24. Qxh5 Bxe4 25. Bxa6+ Kb8 26. Bd3 Bxg2 27. Re1 Bb7 28. h4 Ka7 29.
Qf5 Rd5 30. Qg6 Re5 31. Rf1 Bf2 32.
h5 Qe3 33. b3 Qd4 34. h6 Re1+ 35. Rxe1 Bxe1 36. h7 f5 37. Qxf5 Bc3 38. Qa5+ Kb8 39. Qg5 Ka7 40. Qa5+ Kb8 41. Qg5 Qf6 42. Qxf6 Bxf6 43.
Kc1 Kc7 44. Kd2 Kd6 45. Ke3 Ke5 46. Kf2 Kd4 47. Ke2 Kc3 48. Ke3 Kb2 49. Kf4 Kxa2 50. Kf5 Bc3 51. Kg6 Bd5 52. Kf5 Kb2 53. Kg5 Kc1 54.
Kf4 Kd2 55. Kg4 Bxb3 56. Bg6 Bxc2 0-1

[Event "Early-Titled-Tuesday-Blitz-September-05-2023"]
[Site "Chess.com"]
[Date "2023.09.05"]
[Round "11"]
[White "Eloist"]
[Black "Karttunen"]
[Result "1-0"]
[WhiteElo "2465"]
[BlackElo "2567"]
[TimeControl "180+1"]
[EndTime "10:06:21 PDT"]
[Termination "Eloist won by resignation"]

1. e4 e5 2. Bc4 Nf6 3. d3 c6 4.
Nf3 Qc7 5. O-O Be7 6. Bb3 O-O 7. Re1 h6 8. c3 d6 9. Nbd2 Nbd7 10. d4 Re8 11.
Nf1 Bf8 12. Ng3 g6 13. Be3 Bg7 14. h3 Nf8 15. Qd2 Kh7 16. Bc2 b6 17. Nh2 Bb7 18. f4 Rad8 19. Nf3 exd4 20. cxd4 c5 21. d5 Kg8 22. a4 a6 23. Rac1 b5 24. axb5 axb5 25.
b4 c4 26. Bd4 N8d7 27. Ra1 Ra8 28. Kh2 Rxa1 29. Rxa1 Ra8 30. Rxa8+ Bxa8 31. Bc3 Bb7 32.
Nd4 Qb6 33. Qd1 h5 34. Qa1 h4 35. Nge2 Nh5 36. Qe1 g5 37. Nf5 Bxc3 38. Qxc3 Qf2 39. Qf3 Qxf3 40. gxf3 gxf4 41. Nxd6 Ba6 42. Kg2 Ne5 43.
Kf2 Kf8 44. Nd4 c3 45. N6xb5 Bxb5 46. Nxb5 Nc4 47. Nxc3 Na3 48. Bd3 Ke7 49. e5 f6 50.
d6+ Kd7 51. Bf5+ Kc6 52. Bg4 Ng7 53. exf6 Ne8 54. f7 Nxd6 55. f8=Q Nab5 56. Qf6 Nd4 57. Ne4 Nb5 58. Nxd6 Nxd6 59. Qxf4 1-0

[Event "Early-Titled-Tuesday-Blitz-September-05-2023"]
[Site "Chess.com"]
[Date "2023.09.05"]
[Round "11"]
[White "valemava"]
[Black "AttilaTurzo"]
[Result "0-1"]
[WhiteElo "2276"]
[BlackElo "2499"]
[TimeControl "180+1"]
[EndTime "10:06:22 PDT"]
[Termination "AttilaTurzo won on time"]

1. e4 c5 2. a3 d6 3. b4 Nf6 4.
d3 e5 5. c4 Nc6 6. b5 Nd4 7.
h3 Be7 8. Nf3 O-O 9. g4 Nd7 10.
Nxd4 cxd4 11. Bg2 Bg5 12. O-O Nc5 13. f4 Bxf4 14. Bxf4 exf4 15. Rxf4 Qg5 16. Rf3 h5 17. gxh5 f5 18. Nd2 f4 19. Qe2 Qxh5 20. Qf2 Qe5 21. Rf1 g5 22. Kh1 Be6 23. Rg1 Rf7 24. Bf1 Rg7 25.
Be2 Rf8 26. Nf1 g4 27. hxg4 Bxg4 28. Nh2 Bxf3+ 29. Nxf3 Qh5+ 30. Qh2 Qxh2+ 31. Kxh2 Rxg1 32. Kxg1 Ne6 33. Bf1 Kf7 34. Kf2 Rh8 35. e5 dxe5 36. Nxe5+ Kf6 37. Nf3 Rd8 38. a4 b6 39. Be2 Nc5 40. Nd2 Nxa4 41. Ne4+ Ke5 42. Ng5 Rd7 43. Bg4 Rg7 44. Nf3+ Kd6 45. Bf5 Kc5 46. Ne5 Rg5 47.
Nd7+ Kb4 48. Bh3 Nc5 49. Nf6 Nxd3+ 50. Kf3 Rg3+ 51. Ke4 Rxh3 52. Nd5+ Kxc4 53. Nf6 Kxb5 54. Nd7 Kc4 55. Ne5+ Nxe5 56. Kxe5 Re3+ 57. Kxf4 Re8 0-1

[Event "Early-Titled-Tuesday-Blitz-September-05-2023"]
[Site "Chess.com"]
[Date "2023.09.05"]
[Round "11"]
[White "chess123456s"]
[Black "GeorgiosSouleidis"]
[Result "1-0"]
[WhiteElo "2659"]
[BlackElo "2543"]
[TimeControl "180+1"]
[EndTime "10:06:25 PDT"]
[Termination "chess123456s won by resignation"]

1. d4 Nf6 2. Nc3 d5 3. Bf4 c5 4. e4 Nxe4 5. Nxe4 dxe4 6. dxc5 Qa5+ 7. c3 Qxc5 8. Qa4+ Bd7 9. Qxe4 Bc6 10. Qc2 e5 11.
Be3 Qa5 12. Nf3 Be7 13. Be2 O-O 14. O-O Nd7 15. Rfd1 Qc7 16. c4 Rad8 17. a3 Bc5 18.
Bg5 f6 19. Bh4 Rfe8 20. Bg3 Nf8 21. b4 Be7 22. c5 Rxd1+ 23. Rxd1 Rd8 24. h3 a6 25.
Qc4+ Kh8 26. Qf7 Rxd1+ 27. Bxd1 Qd8 28. Bb3 Ng6 29. h4 Qe8 30. Qxe8+ Bxe8 31. Bd5 Bc6 32. Bxc6 bxc6 33. h5 Nf8 34. Nd2 Ne6 35. Nb3 Kg8 36.
Kf1 Kf7 37. Ke2 Bd8 38. Kd3 Bc7 39. Kc4 f5 40. f3 g5 41. hxg6+ hxg6 42. a4 g5 43. b5 axb5+ 44. axb5 cxb5+ 45. Kxb5 f4 46. Bf2 Nd8 47. Nd2 Ke6 48. Ne4 Kf5 49. c6 g4 50.
Bb6 Ne6 51. Bxc7 Nxc7+ 52. Kb6 Nd5+ 53. Kc5 Nc7 54. Kd6 Nb5+ 55. Kd7 gxf3 56. gxf3 Kg6 57. Nd6 Na7 58. c7 Kh5 59. Nb5 Nxb5 60. c8=Q Nd4 61.
Qh8+ Kg6 62. Qxe5 Nxf3 63. Qe4+ 1-0

[Event "Early-Titled-Tuesday-Blitz-September-05-2023"]
[Site "Chess.com"]
[Date "2023.09.05"]
[Round "11"]
[White "DKmirl"]
[Black "DeArron_Fox"]
[Result "1-0"]
[WhiteElo "2267"]
[BlackElo "2466"]
[TimeControl "180+1"]
[EndTime "10:06:26 PDT"]
[Termination "DKmirl won by resignation"]

1. d4 d5 2. Nf3 Nf6 3. g3 Bf5 4. Bg2 e6 5. O-O c6 6. c4 Nbd7 7. Nh4 Bg4 8. h3 Bh5 9. cxd5 exd5 10. g4 Bg6 11. Nxg6 hxg6 12. Nc3 Bd6 13. e4 dxe4 14. Nxe4 Nxe4 15. Bxe4 Rxh3 16. Bg2 Rh7 17. Re1+ Kf8 18. d5 c5 19. Qb3 Nb6 20. a4 c4 21. Qc3 Bh2+ 22. Kf1 Qd7 23. a5 Nxd5 24. Qxc4 Nf6 25. Qb4+ Bd6 26. Qxb7 Qxb7 27. Bxb7 Rb8 28. a6 Nxg4 29.
Be3 Nxe3+ 30. fxe3 Rh2 31. Re2 Rh4 32. Ra5 Bc7 33.
Rd5 Bb6 34. b4 Re8 35. Rb5 Rxe3 36. Rxb6 Rh1+ 37. Kf2 Rxe2+ 38. Kxe2 Ra1 39. Rb5 Ra2+ 40. Kd3 f5 41. Rc5 Ke7 42. Rc7+ Kf6 43. Rc6+ Ke5 44. Rxg6 f4 45. Rxg7 Ra3+ 46. Kc4 f3 47. Rf7 Kd6 48. Rxf3 Ra1 49. Rd3+ Kc7 50. Kb5 Rc1 51. Rh3 Kb8 52.
Rh8+ Kc7 53. Rc8+ Kd7 54. Rxc1 1-0

[Event "Early-Titled-Tuesday-Blitz-September-05-2023"]
[Site "Chess.com"]
[Date "2023.09.05"]
[Round "11"]
[White "moro182"]
[Black "Ali_rastbod"]
[Result "1-0"]
[WhiteElo "2864"]
[BlackElo "2713"]
[TimeControl "180+1"]
[EndTime "10:06:31 PDT"]
[Termination "moro182 won on time"]

1. d4 Nf6 2. Bf4 c5 3. e3 Qb6 4. Na3 d6 5. Nc4 Qc7 6. dxc5 Qxc5 7.
Nf3 Be6 8. Ncd2 h6 9. c3 g5 10. Bg3 Bg7 11. Nd4 Bd7 12. Bd3 Nc6 13.
O-O O-O 14. Rc1 a6 15. Bb1 Rac8 16. Qc2 Nxd4 17. exd4 Qa5 18. Ne4 Nxe4 19. Qxe4 f5 20. Qxe7 Rf7 21. Qxd6 f4 22. Qg6 Bf5 23. Bxf5 Qxf5 24.
Qxf5 Rxf5 25. Bxf4 Rxf4 26. Rfe1 Kf7 27. f3 b5 28. a3 a5 29. Kf2 b4 30. axb4 axb4 31.
Red1 bxc3 32. bxc3 Ke6 33. g3 Rf7 34. c4 Rfc7 35.
d5+ Kd6 36. Rb1 Rxc4 37. Rb6+ Kc5 38. Rg6 Rc2+ 39. Kg1 Bd4+ 40. Kh1 Kxd5 41. Rxh6 Rf8 42. Rh5 Kc4 43. Rxg5 Rxf3 44. Rg4 Rd3 45. Rxd3 Kxd3 46. Rf4 Be3 47. Rf7 Ke4 48. h4 Rb2 49. h5 Rc2 50. g4 Bf4 51. Ra7 Kf3 52. Ra3+ Be3 53. h6 Rc1+ 54. Kh2 Kf2 55. Rxe3 Kxe3 56. h7 Rc8 57. g5 Kf4 58. g6 Rh8 59. Kg2 Kf5 60. g7 Rxh7 61. g8=Q Rh5 62. Qf7+ Kg4 63. Qe6+ Kg5 64.
Kg3 1-0

[Event "Early-Titled-Tuesday-Blitz-September-05-2023"]
[Site "Chess.com"]
[Date "2023.09.05"]
[Round "11"]
[White "Rosh1610"]
[Black "hakanazeri2"]
[Result "0-1"]
[WhiteElo "2458"]
[BlackElo "2580"]
[TimeControl "180+1"]
[EndTime "10:06:31 PDT"]
[Termination "hakanazeri2 won by checkmate"]

1. e4 c5 2. Nf3 Nc6 3. d4 cxd4 4. Nxd4 Nf6 5. Nc3 e5 6. Ndb5 d6 7. Bg5 a6 8. Na3 b5 9. Nd5 Be7 10. Bxf6 Bxf6 11. c3 Bg5 12. Bd3 Be6 13. Nc2 Bxd5 14. exd5 Ne7 15. Nb4 O-O 16. O-O f5 17. Nc6 Qc7 18. Nxe7+ Bxe7 19. Kh1 e4 20. Bc2 Rae8 21. f3 e3 22. f4 Bf6 23. Qe2 g6 24. Rf3 Qc4 25.
Re1 Qxa2 26. Bb1 Qxd5 27. Rxe3 Rxe3 28. Qxe3 Kg7 29. Bc2 Rf7 30. Rd1 Qc5 31. Qd3 Re7 32. h3 Re3 33. Qd2 d5 34. Bb3 Qe7 35. Bxd5 Re2 36.
Qc1 Bh4 37. Bf3 Re1+ 38. Rxe1 Bxe1 39. Qd1 Bg3 40. Qd4+ Kh6 41. Qd2 Qe6 42. Kg1 Qa2 43.
Kf1 Qb1+ 44. Ke2 Qg1 45. Kd3 Qb1+ 46. Kd4 Qg1+ 47. Ke5 Qc5+ 48. Ke6 Qb6+ 49. Kd7 Bh4 50. Ke8 Qe6+ 51. Kf8 Be7+ 52. Ke8 Bf6+ 53. Kf8 Bg7# 0-1

[Event "Early-Titled-Tuesday-Blitz-September-05-2023"]
[Site "Chess.com"]
[Date "2023.09.05"]
[Round "11"]
[White "djano"]
[Black "Evgeny81"]
[Result "0-1"]
[WhiteElo "2620"]
[BlackElo "2750"]
[TimeControl "180+1"]
[EndTime "10:06:35 PDT"]
[Termination "Evgeny81 won by checkmate"]

1. e4 c5 2. Nc3 g6 3. Bc4 Bg7 4. h4 h5 5. Qf3 e6 6. d4 cxd4 7.
Nb5 d6 8. Bf4 Be5 9. Bxe5 dxe5 10. Qa3 Ne7 11. Nd6+ Kf8 12. Nf3 f6 13. Ng5 fxg5 14.
Qf3+ Nf5 15. exf5 gxf5 16. Qa3 Qe7 17. Nxc8 Qxa3 18. bxa3 Kf7 19. Nd6+ Ke7 20. Nxb7 Rc8 21. Bb3 g4 22. Na5 Nd7 23. O-O Rc3 24. Rfe1 Rac8 25.
a4 R8c7 26. Rab1 Kd6 27. Kf1 Nb6 28. Rbd1 R3c5 29. c3 Rxc3 30. Rd2 R3c5 31. f4 gxf3 32. gxf3 Rxa5 33. f4 e4 34. Rxd4+ Nd5 35. Red1 Rc3 36. Kg2 Rf3 37. Rc4 Rxf4 38. Rc8 Rc5 39. Rd8+ Ke5 40. Kg3 Rg4+ 41. Kh2 Rxh4+ 42. Kg3 Rg4+ 43. Kh2 a6 44. Re8 a5 45. Kh1 Rh4+ 46. Kg1 Rg4+ 47.
Kh1 h4 48. Kh2 Rf4 49. Kh3 Rc3+ 50. Kh2 e3 51. Re1 Rd3 52. Kg2 Rf2+ 53. Kh3 Nf4+ 54. Kxh4 Rh2+ 55. Kg3 Rh3# 0-1

[Event "Early-Titled-Tuesday-Blitz-September-05-2023"]
[Site "Chess.com"]
[Date "2023.09.05"]
[Round "11"]
[White "FairChess_on_YouTube"]
[Black "Murad_Ibrahimli"]
[Result "1-0"]
[WhiteElo "3053"]
[BlackElo "2860"]
[TimeControl "180+1"]
[EndTime "10:06:41 PDT"]
[Termination "FairChess_on_YouTube won on time"]

1. d4 Nf6 2. c4 e6 3. Nf3 Bb4+ 4. Bd2 Qe7 5. g3 Nc6 6. Bg2 Bxd2+ 7. Nbxd2 d6 8. Nf1 e5 9. Ne3 e4 10. Ng5 h6 11.
Nxe4 Nxe4 12. Nd5 Qd8 13. Bxe4 Bh3 14. Nf4 Bd7 15. O-O O-O 16. e3 Re8 17. Bd5 Rb8 18. a3 Ne7 19. Bg2 Nf5 20. Qd3 c6 21. b4 Qf6 22. b5 g5 23. Ne2 h5 24. e4 Nh6 25. bxc6 bxc6 26. Rab1 h4 27. f3 h3 28.
Bh1 Qe7 29. Nc3 Be6 30. Rbc1 Rb2 31. Nd1 Rb7 32. Ne3 Reb8 33. f4 gxf4 34. gxf4 f5 35.
Bf3 Rb3 36. Rc3 Rxc3 37. Qxc3 fxe4 38. Bxe4 d5 39. cxd5 cxd5 40. Nxd5 Qg7+ 41. Kh1 Kh8 42. f5 Nxf5 43. Qxh3+ Qh6 44. Qxh6+ Nxh6 45. Rf6 Bxd5 46.
Bxd5 Ng4 47. Re6 Rb2 48. h3 Nf2+ 49. Kg2 Nd3+ 50. Kg3 Rd2 51. Ra6 Nb2 52. Rxa7 Rxd4 53. Be6 Nd3 54. Bf5 Nc5 55. h4 Rd5 56. Kg4 Rd4+ 57.
Kg5 1-0

[Event "Early-Titled-Tuesday-Blitz-September-05-2023"]
[Site "Chess.com"]
[Date "2023.09.05"]
[Round "11"]
[White "andrzej"]
[Black "WPWPWP-2015"]
[Result "1-0"]
[WhiteElo "2419"]
[BlackElo "2543"]
[TimeControl "180+1"]
[EndTime "10:06:44 PDT"]
[Termination "andrzej won on time"]

1. e4 c5 2. Nf3 d6 3. d4 cxd4 4. Nxd4 Nf6 5. Nc3 a6 6. Be3 e6 7. a3 b5 8. g4 Bb7 9. Bg2 h5 10. h3 hxg4 11. hxg4 Rxh1+ 12. Bxh1 Nfd7 13. g5 Ne5 14. g6 Nxg6 15. Qh5 Qh4 16. Bf3 Qxh5 17. Bxh5 Kd7 18.
Bxg6 fxg6 19. Ke2 e5 20. Nf3 Nc6 21. Nh4 Ne7 22. Rg1 Ke6 23. Nxg6 Nxg6 24. Rxg6+ Kf7 25. Rg1 Rc8 26. Kd3 g6 27. a4 bxa4 28. Ra1 Bc6 29.
Nxa4 Bb5+ 30. Kd2 Bc6 31. Nb6 Rd8 32. f3 Bb7 33. Nd5 Ke6 34. c4 Rc8 35. Kd3 Be7 36.
b4 Bd8 37. Rg1 Kf7 38. Rh1 Kg7 39. f4 Bc6 40. Rg1 Kf7 41. Rf1 Bd7 42. fxe5+ Ke6 43. exd6 Rxc4 44. Rf8 Rc8 45. Bc5 Bb5+ 46. Ke3 Bc6 47.
Rg8 Bxd5 48. exd5+ Kxd5 49. Rxg6 Bh4 50. Rg4 Be1 51.
Kd3 Rd8 52. Rg5+ Kc6 53. Kc4 Bh4 54. Rg7 Rc8 55. Ra7 Bg3 56. Rxa6+ Kd7 57. Ra7+ Ke6 58. Re7+ Kf6 59. Re3 Bxd6 60. Re2 Be5 61. Kd5 Bf4 62. Rf2 Kg5 63. Rf1 1-0

[Event "Early-Titled-Tuesday-Blitz-September-05-2023"]
[Site "Chess.com"]
[Date "2023.09.05"]
[Round "11"]
[White "AquivaRubinstein"]
[Black "Witik"]
[Result "0-1"]
[WhiteElo "2485"]
[BlackElo "2674"]
[TimeControl "180+1"]
[EndTime "10:06:53 PDT"]
[Termination "Witik won by resignation"]

1. d4 Nf6 2. c4 e6 3. Nf3 Bb4+ 4.
Nbd2 b6 5. g3 Bb7 6. Bg2 O-O 7.
O-O a5 8. a3 Bxd2 9. Bxd2 d6 10.
b4 a4 11. c5 h6 12. Rc1 Be4 13. Ne1 Bxg2 14. Nxg2 Qd7 15. Qc2 d5 16. c6 Qe7 17.
b5 Qxa3 18. Ra1 Qe7 19. Rxa4 Rxa4 20. Qxa4 Re8 21. Bb4 Qd8 22. Nf4 Ne4 23. Nd3 Qf6 24.
Be1 g5 25. Qa7 Nd6 26. Qxc7 Nxb5 27. Qxb6 Nxd4 28. c7 Nxe2+ 29. Kg2 Nd7 30. Qc6 Qf3+ 31. Kxf3 Nd4+ 32. Kg2 Nxc6 33. Bd2 Rc8 34. Rc1 Rxc7 35. Nb4 Nde5 36. Rc5 Nc4 37. Rxc6 Rxc6 38. Nxc6 Nxd2 39. Kg1 Nf3+ 40. Kg2 g4 41. h3 h5 42. hxg4 hxg4 43. Kf1 f5 44. Ke2 Kf7 45. Ke3 Kf6 46. Nb4 d4+ 47. Kd3 e5 48. Nd5+ Ke6 49. Nc7+ Kd6 50.
Ne8+ Kc5 51. Ng7 e4+ 52. Ke2 d3+ 53. Ke3 Nd4 54. Kd2 Kd5 55. Ke3 Ke5 56. Ne8 Nc2+ 57. Kd2 Na3 58. Nc7 Nc4+ 59. Kc3 Nb6 60. Nb5 f4 61.
Kd2 Nc4+ 62. Kd1 fxg3 63. fxg3 e3 64. Nc3 Kd4 65. Nb5+ Ke4 66. Nc3+ Kf3 67. Nd5 Nb2+ 68. Kc1 d2+ 69. Kc2 d1=Q+ 70. Kxb2 Qxd5 0-1